Map: Acid Plant LE

Players

LiquidMaNa (MaNa) - Winner!

  • Race: Protoss Protoss
  • League: Grandmaster
  • Spawn Location: 11:00

YoGo

  • Race: Zerg Zerg
  • League: Grandmaster
  • Spawn Location: 5:00

Event: HomeStory Cup XVII

VOD

Have the link to the VOD?

Description

Time

  • Played on: June 28, 2018, 7:21 p.m.
  • Length: 16:31

All games in this series

Show
View Real Time Build Order
Export as new Build Order

LiquidMaNa Protoss - Winner!

Build Orders: 1 Gate Expand, Oracle Opening, Phoenix Opening, Mass Phoenix 

Get SALT Encoding   

  12  0:00  Probe  
  13  0:12  Probe  
  14  0:17  Pylon  
  14  0:24  Probe  
  15  0:32  Probe  
  15  0:37  Assimilator  
  15  0:40  Probe  
  16  0:49  Gateway  
  17  0:51  Probe  
  18  0:59  Probe  
  19  1:07  Probe  
  20  1:17  Probe  
  21  1:29  Nexus  
  21  1:40  Cybernetics Core  
  21  1:44  Probe  
  22  1:48  Assimilator  
  22  1:57  Pylon  
  22  1:58  Probe  
  23  2:08  Adept  
  23  2:15  Probe  
  24  2:18  Stargate  
  26  2:27  Probe  
  26  2:28  Adept  
  26  2:29  Warp Gate  
  29  2:39  Probe  
  29  2:42  Probe  
  31  2:51  Probe  
  31  2:53  Adept  
  31  2:54  Probe  
  35  3:00  Phoenix  
  35  3:03  Probe  
  39  3:06  Probe  
  39  3:14  Pylon  
  39  3:15  Probe  
  39  3:18  Probe  
  41  3:24  Gateway  
  41  3:29  Oracle  
  44  3:36  Probe x2  
  46  3:41  Assimilator  
  46  3:43  Assimilator  
  46  3:49  Stargate  
  46  3:53  Probe x2  
  48  4:05  Probe x2  
  48  4:06  Phoenix  
  52  4:18  Probe  
  52  4:19  Probe  
  52  4:20  Pylon  
  52  4:22  Pylon  
  54  4:37  Phoenix x2  
  54  4:38  Zealot  
  60  4:40  Pylon  
  59  4:54  Phoenix x2  
  59  5:02  Nexus  
  59  5:06  Probe  
  63  5:07  Shield Battery  
  63  5:10  Probe  
  65  5:14  Probe  
  66  5:22  Probe  
  66  5:24  Phoenix x2  
  71  5:28  Probe  
  71  5:33  Pylon x2  
  71  5:34  Probe  
  73  5:40  Probe  
  74  5:43  Sentry x2  
  74  5:46  Pylon  
  78  5:51  Probe  
  78  5:52  Phoenix x2  
  78  5:54  Probe  
  84  6:02  Robotics Facility  
  84  6:08  Probe x2  
  86  6:19  Phoenix  
  86  6:21  Void Ray  
  92  6:25  Zealot x2  
  92  6:26  Probe x2  
  98  6:39  Immortal, Shield Battery  
  96  6:47  Probe  
  96  6:48  Zealot  
  96  6:49  Probe  
  96  6:50  Probe  
  105  6:59  Probe  
  106  7:02  Probe x2, Twilight Council  
  106  7:04  Zealot  
  110  7:14  Immortal  
  110  7:17  Probe  
  110  7:20  Zealot  
  117  7:23  Probe  
  117  7:26  Probe  
  113  7:31  Probe  
  113  7:39  Probe  
  113  7:41  Probe  
  113  7:43  Probe  
  116  7:47  Charge  
  116  7:48  Templar Archives  
  117  7:51  Forge, Probe  
  117  7:54  Assimilator  
  117  7:55  Assimilator  
  117  7:58  Pylon  
  117  8:02  Robotics Facility  
  117  8:14  Pylon  
  117  8:15  Pylon  
  117  8:16  Immortal, Probe x3, Protoss Ground Weapons Level 1  
  117  8:17  Pylon  
  124  8:24  Psionic Storm  
  124  8:25  Shield Battery  
  124  8:26  Pylon  
  124  8:29  Photon Cannon  
  124  8:33  Pylon  
  124  8:35  High Templar x2  
  124  8:36  Probe x3  
  131  8:44  Immortal  
  131  8:46  Immortal  
  131  8:47  Pylon  
  131  8:50  Gateway  
  131  8:53  Gateway  
  139  9:07  High Templar x2  
  143  9:26  Immortal x2  
  151  9:40  High Templar x2  
  155  9:46  Pylon  
  155  9:52  Nexus  
  155  10:01  Zealot x2  
  155  10:05  Observer  
  155  10:06  Photon Cannon  
  160  10:08  Photon Cannon x3  
  160  10:10  Shield Battery  
  160  10:11  Immortal  
  160  10:13  Photon Cannon  
  162  10:14  Photon Cannon  
  162  10:16  High Templar x2, Shield Battery  
  166  10:27  Immortal  
  164  10:36  Nexus  
  164  10:41  High Templar x2  
  166  10:49  Assimilator  
  166  10:50  Protoss Ground Weapons Level 2, Probe x2  
  166  10:51  Immortal  
  166  10:53  Assimilator  
  170  11:06  Immortal  
  174  11:11  Pylon  
  174  11:13  Pylon  
  174  11:15  Pylon  
  174  11:16  Zealot x3  
  180  11:21  Shield Battery  
  180  11:23  Shield Battery  
  180  11:32  Zealot  
  182  11:41  Immortal x2  
  182  11:45  Gateway  
  182  11:46  Gateway  
  188  11:57  High Templar x3  
  188  11:58  High Templar  
  192  12:01  Archon  
  192  12:02  Archon  
  192  12:14  Forge  
  192  12:16  Immortal x2  
  198  12:36  Zealot  
  200  12:44  Protoss Ground Armor Level 1  
  200  13:02  Protoss Ground Weapons Level 3  
  192  13:18  Immortal x2  
  150  13:24  High Templar x3  
  150  13:25  High Templar  
  150  13:29  Archon x2  
  150  13:33  Zealot x2  
  152  13:42  Gateway  
  152  13:43  Gateway  
  148  13:49  Immortal x2, High Templar x2  
  148  14:08  High Templar x3  
  148  14:09  High Templar  
  150  14:16  Archon x2  
  150  14:18  Nexus  
  150  14:24  High Templar x2  
  152  14:26  Warp Prism  
  152  14:27  Immortal  
  157  14:41  Zealot x6  
  157  14:44  Archon  
  169  15:01  Zealot  
  169  15:02  Immortal, Zealot x7  
  169  15:06  Immortal  
  174  15:08  Nexus  
  168  15:14  High Templar x4  
  168  15:15  Zealot x3  
  182  15:23  Zealot  
  184  15:37  Pylon  
  184  15:46  Zealot x2  
  188  15:58  Zealot x3  
  188  15:59  Zealot  
  192  16:05  Nexus  
  174  16:21  Zealot x8  
  190  16:30  Archon  
Show
View Real Time Build Order
Export as new Build Order

YoGo Zerg 

Build Orders: Hatch First, Roach Hydra, Swarm Host 

Get SALT Encoding   

  12  0:00  Drone  
  13  0:14  Overlord  
  13  0:18  Drone  
  14  0:33  Drone x2  
  16  0:48  Hatchery  
  15  0:52  Drone  
  15  0:55  Drone  
  17  0:59  Drone  
  18  1:09  Extractor  
  17  1:15  Spawning Pool  
  17  1:17  Drone  
  17  1:20  Drone  
  18  1:30  Drone  
  19  1:41  Drone  
  20  1:51  Overlord  
  20  2:01  Queen  
  20  2:02  Queen  
  20  2:04  Zergling x4  
  26  2:08  Metabolic Boost  
  26  2:12  Drone  
  26  2:14  Drone  
  28  2:23  Drone x2  
  30  2:36  Hatchery  
  29  2:39  Drone  
  29  2:43  Drone  
  31  2:47  Overlord  
  31  2:50  Zergling x2  
  32  2:55  Zergling x2  
  32  2:57  Zergling x2  
  34  3:04  Queen  
  36  3:08  Drone x2  
  36  3:11  Drone x3  
  41  3:14  Drone  
  41  3:17  Overlord  
  42  3:20  Drone  
  42  3:22  Drone  
  44  3:36  Overlord  
  44  3:37  Drone x2  
  44  3:40  Queen  
  48  3:46  Drone x4  
  52  3:56  Spore Crawler  
  52  3:57  Spore Crawler  
  52  3:59  Drone x4  
  54  4:03  Spore Crawler  
  54  4:07  Lair  
  53  4:10  Drone x3  
  53  4:12  Drone  
  57  4:23  Drone  
  58  4:24  Roach Warren  
  58  4:26  Extractor  
  58  4:27  Extractor  
  58  4:30  Drone x3  
  58  4:32  Overlord x2  
  58  4:43  Extractor  
  56  4:48  Drone x3  
  58  4:58  Drone  
  58  4:59  Drone x2  
  60  5:00  Overlord  
  60  5:05  Drone  
  60  5:06  Glial Reconstitution, Drone x9  
  69  5:11  Overlord  
  69  5:15  Overlord  
  69  5:18  Roach  
  71  5:23  Roach x5  
  81  5:30  Overlord x2  
  81  5:37  Roach x4  
  81  5:38  Roach, Extractor  
  90  5:46  Overlord x2  
  90  5:48  Zergling x2  
  91  5:57  Zergling x2  
  91  5:58  Zergling x12  
  91  6:04  Zergling x10  
  100  6:08  Hydralisk Den  
  100  6:10  Extractor, Evolution Chamber  
  100  6:12  Drone x3  
  100  6:17  Hatchery  
  100  6:18  Hydralisk Den  
  97  6:19  Evolution Chamber  
  97  6:20  Drone  
  97  6:22  Drone  
  97  6:23  Drone x3  
  98  6:25  Drone  
  98  6:28  Spore Crawler  
  98  6:29  Spore Crawler  
  98  6:30  Spore Crawler  
  98  6:31  Drone x3  
  97  6:32  Spore Crawler  
  97  6:36  Drone x4  
  96  6:45  Drone x2  
  91  6:47  Muscular Augments  
  91  6:49  Drone x2  
  93  6:58  Baneling Nest  
  93  6:59  Spore Crawler  
  91  7:02  Spore Crawler  
  91  7:03  Drone x2  
  91  7:04  Drone  
  91  7:05  Spore Crawler, Hydralisk x4  
  100  7:09  Hydralisk  
  100  7:11  Hydralisk  
  100  7:12  Hydralisk  
  103  7:22  Overlord x4  
  85  7:40  Hydralisk  
  85  7:41  Queen  
  85  7:44  Hydralisk x5  
  85  7:47  Zerg Missile Weapons Level 1  
  85  7:48  Zerg Ground Armor Level 1  
  95  7:52  Overlord  
  95  7:53  Overlord x2  
  95  7:59  Grooved Spines  
  95  8:01  Overlord  
  93  8:14  Hydralisk x4  
  93  8:15  Hydralisk x2  
  93  8:17  Burrow  
  93  8:19  Hydralisk x2  
  107  8:23  Hatchery  
  107  8:24  Centrifical Hooks  
  107  8:25  Hydralisk  
  110  8:29  Overlord  
  110  8:30  Overlord  
  110  8:38  Hydralisk x4  
  118  8:47  Hydralisk x4  
  126  8:51  Drone x3  
  129  8:55  Hydralisk  
  129  8:56  Hydralisk  
  129  9:01  Overlord x2  
  133  9:11  Zergling x4  
  133  9:16  Spore Crawler  
  134  9:18  Overlord  
  134  9:19  Overlord x3, Extractor  
  134  9:21  Zergling x2  
  134  9:22  Zergling x4  
  136  9:27  Hydralisk x2  
  140  9:37  Zergling x14  
  140  9:38  Zergling x2  
  148  9:41  Drone  
  148  9:43  Spore Crawler  
  148  9:44  Hydralisk  
  150  9:51  Infestation Pit, Zerg Missile Weapons Level 2  
  150  9:52  Hydralisk  
  149  9:56  Drone x3  
  149  9:57  Drone  
  152  10:01  Drone  
  152  10:03  Drone x4  
  152  10:04  Drone  
  158  10:09  Baneling x3  
  158  10:10  Baneling  
  158  10:12  Zerg Ground Armor Level 2  
  158  10:14  Hydralisk  
  158  10:18  Hydralisk x2  
  158  10:20  Baneling x2  
  150  10:30  Hydralisk  
  150  10:31  Hydralisk x3  
  150  10:34  Hydralisk  
  153  10:37  Zergling x4  
  151  10:44  Hydralisk x3  
  151  10:47  Drone x2  
  151  10:48  Drone  
  160  10:52  Drone x3  
  160  10:53  Drone  
  160  10:55  Drone  
  160  11:00  Zergling x8  
  164  11:05  Drone x2  
  164  11:09  Swarm Host x2  
  172  11:13  Swarm Host  
  172  11:15  Swarm Host  
  172  11:16  Swarm Host  
  181  11:20  Swarm Host  
  181  11:21  Swarm Host  
  187  11:28  Swarm Host  
  187  11:29  Swarm Host  
  189  11:37  Spore Crawler  
  188  11:41  Overlord  
  188  11:42  Overlord  
  188  11:44  Hive  
  188  11:48  Spire  
  188  11:51  Swarm Host  
  187  11:55  Swarm Host  
  187  12:00  Swarm Host x3  
  194  12:07  Zergling x10  
  199  12:11  Extractor  
  198  12:18  Baneling x3  
  198  12:20  Zergling x2  
  199  12:23  Hatchery  
  199  12:24  Overlord x3  
  194  12:32  Hydralisk x5  
  197  12:37  Zergling x4  
  192  12:48  Hydralisk  
  192  12:49  Hydralisk x4  
  192  12:50  Hydralisk  
  192  13:00  Hydralisk x2  
  182  13:07  Hydralisk  
  173  13:13  Hydralisk  
  160  13:24  Zergling x2  
  160  13:25  Zergling x4  
  159  13:44  Hydralisk x2  
  161  13:50  Hydralisk  
  155  14:00  Hydralisk  
  153  14:05  Hydralisk  
  155  14:33  Hatchery  
  154  14:43  Greater Spire  
  154  14:53  Corruptor  
  154  14:59  Corruptor  
  158  15:18  Corruptor  
  158  15:19  Corruptor  
Tags
 
Add a new tag
Caveats
  • Supply blocks, unpowered buildings, or Contaminate may cause inaccurate times.
  • Supply counts are checked every 10 seconds.